 Dungeon Crawl Stone Soup version 0.29.1-15-g9cfb28693d (webtiles) character file.

Game seed: 3411914442980604969

7742 croobank the Covered (level 11, 0/69 HPs)
             Began as a Demonspawn Fire Elementalist on Mar 22, 2023.
             Was a Priest of Hepliaklqana.
             Slain by Fannar
             ... wielding a +0 quarterstaff of freezing
              (2 damage)
             ... on level 11 of the Dungeon.
             The game lasted 00:35:45 (11920 turns).

croobank the Covered (DsFE)                        Turns: 11920, Time: 00:35:46

Health: 0/69       AC: 11    Str: 10    XL:     11   Next: 0%
Magic:  15/18      EV: 13    Int: 24    God:    Hepliaklqana [***...]
Gold:   638        SH:  0    Dex: 15    Spells: 15/20 levels left

rFire   + . .      SeeInvis .   K - +7 war axe (freeze)
rCold   + . .      Faith    .   (no shield)
rNeg    + . .      Spirit   .   J - +0 acid dragon scales
rPois   +          Reflect  .   t - +2 hat
rElec   +          Harm     .   u - +0 cloak
rCorr   +          Rampage  .   (no gloves)
Will    .....                   (no boots)
Stlth   ++........              f - amulet of magic regeneration
HPRegen 0.21/turn               I - ring "Qemehaeb" {Fly rN+ Str+2 Int+4 Stlth-}
MPRegen 0.56/turn               (no ring)

@: resistant, flying
A: reduced essence, claws 2, hooves 2, horns 1, spiny 2
a: Renounce Religion, Recall Ancestor, Ancestor Identity, Transference


You were on level 11 of the Dungeon.
You worshipped Hepliaklqana.
Hepliaklqana was most pleased with you.
You visited 2 branches of the dungeon, and saw 12 of its levels.

You collected 638 gold pieces.

Inventory:

Hand Weapons
 b - a +2 sling of flaming
 c - a +2 morningstar of flaming
 i - a +3 short sword
 v - a +2 quarterstaff of chaos
 w - a +2 hammer of protection
 A - a +0 spectral lajatang
 D - a +5 spear
 K - a +7 war axe of freezing (weapon)
 O - a +2 dagger of venom
 X - a +0 short sword of venom
Missiles
 Q - 4 atropa-tipped darts
 U - 3 throwing nets
 Y - 6 silver javelins
Armour
 a - a +0 robe
 m - +0 steam dragon scales
 r - a +2 buckler
 t - a +2 hat (worn)
 u - a +0 cloak (worn)
 y - a +0 leather armour of willpower
 H - a +3 ring mail
 J - +0 acid dragon scales (worn)
 L - a +0 robe of willpower
Magical Staves
 o - a staff of fire
Jewellery
 f - an amulet of magic regeneration (around neck)
 I - the ring "Qemehaeb" (left claw) {Fly rN+ Str+2 Int+4 Stlth-}
   (You found it on level 4 of the Dungeon)

   [ring of flight]

   Str:       It affects your strength (+2).
   Int:       It affects your intelligence (+4).
   rN:        It protects you from negative energy.
   Fly:       It grants you flight.
   Stlth:     It makes you less stealthy.
Wands
 g - a wand of flame (64)
 F - a wand of mindburst (35)
 N - a wand of digging (7)
Scrolls
 e - 2 scrolls of fear
 h - 2 scrolls of amnesia
 l - 2 scrolls of magic mapping
 n - 3 scrolls of teleportation
 p - a scroll of blinking
 s - 3 scrolls of poison
 x - 5 scrolls of fog
 z - a scroll of enchant weapon
 E - 2 scrolls of vulnerability
 V - a scroll of enchant armour
 W - a scroll of immolation
Potions
 d - 2 potions of mutation
 j - a potion of lignification
 k - 3 potions of flight
 B - 5 potions of curing
 G - 4 potions of attraction {unknown}
 M - 3 potions of brilliance {unknown}
 P - a potion of haste {unknown}
 T - a potion of ambrosia {unknown}


   Skills:
 + Level 4.0 Fighting
 * Level 5.2 Axes
 - Level 7.4 Armour
 + Level 4.7 Dodging
 + Level 5.1 Stealth
 - Level 5.0 Shields
 + Level 5.0 Spellcasting
 + Level 4.7 Conjurations
 + Level 5.1 Fire Magic
 + Level 5.3 Invocations


You had 15 spell levels left.
You knew the following spells:

 Your Spells              Type           Power      Damage    Failure   Level
a - Foxfire               Conj/Fire      100%       2x1d9     1%          1
b - Scorch                Fire           60%        2d8       2%          2
c - Searing Ray           Conj           56%        2d6       2%          2

Your spell library contained the following spells:

 Spells                   Type           Power      Damage    Failure   Level
 Magic Dart               Conj           100%       1d8       1%          1
 Conjure Flame            Conj/Fire      29%        6-21      5%          3
 Inner Flame              Hex/Fire       18%        N/A       14%         3
 Flame Wave               Conj/Fire      29%        2d9       17%         4
 Blink                    Tloc           12%        N/A       21%         2
 Call Canine Familiar     Summ           6%         N/A       36%         3
 Lesser Beckoning         Tloc           6%         N/A       36%         3
 Portal Projectile        Hex/Tloc       12%        N/A       36%         3
 Fulminant Prism          Conj/Hex       8%         3d7       45%         4
 Animate Armour           Summ/Erth      12%        N/A       78%         4
 Leda's Liquefaction      Hex/Erth       3%         N/A       78%         4
 Blade Hands              Tmut           3%         N/A       98%         5
 Manifold Assault         Tloc           6%         N/A       98%         5
 Iron Shot                Conj/Erth      8%         9d3       100%        6


Dungeon Overview and Level Annotations

Branches:
Dungeon (11/15)            Temple (1/1) D:6
   Lair: D:8-11         Orc: D:9-12

Altars:
Ashenzari
Cheibriados
Fedhas
Hepliaklqana
Makhleb
Okawaru
Qazlal
Ru
Sif Muna
Trog
Uskayaw
Wu Jian

Shops:
D:4 (   D:7 [   D:8 *

Annotations:
D:6 2 runed translucent doors, Darius099's ghost, novice OpBr
D:8 1 runed translucent door
D:11 Fannar


Innate Abilities, Weirdness & Mutations

Your life essence is reduced to manifest your ancestor. (-10% HP)
You have very sharp fingernails.
You have hoof-like feet.
You have a pair of small horns on your head.
You are mostly covered in sharp spines.


Message History

You closely miss Fannar. Your kick misses Fannar.
Fannar is heavily wounded.
You hit the ice beast. Fannar gestures at you while chanting.
The bolt of cold hits you! You resist. The ice beast is struck by your spines.
You kill the ice beast!
The ice beast disappears in a puff of smoke!
You hit Fannar but do no damage.
Fannar is heavily wounded.
Fannar is no longer more vulnerable to fire.
Fannar hits you with a +0 quarterstaff of freezing!
Fannar freezes you.
You hit Fannar. You kick Fannar, but do no damage.
You headbutt Fannar, but do no damage.
Fannar is severely wounded.
Fannar is struck by your spines.
Fannar hits you with a +0 quarterstaff of freezing!
* * * LOW HITPOINT WARNING * * *
Fannar freezes you.
* * * LOW HITPOINT WARNING * * *
Fannar is struck by your spines. Fannar barely misses you.
You feel better.
Fannar hits you with a +0 quarterstaff of freezing.
* * * LOW HITPOINT WARNING * * *
Casting: Scorch (safe; 2% risk of failure)
Confirm with . or Enter, or press ? or * to list all spells.
Flames lash Fannar.
Fannar is burned terribly!
Fannar is almost dead.
Fannar's fire resistance burns away.
Fannar hits you with a +0 quarterstaff of freezing!
* * * LOW HITPOINT WARNING * * *
Fannar freezes you.
* * * LOW HITPOINT WARNING * * *
Casting: Scorch (safe; 2% risk of failure)
Confirm with . or Enter, or press ? or * to list all spells.
Flames lash Fannar but do no damage.
Fannar hits you with a +0 quarterstaff of freezing!
* * * LOW HITPOINT WARNING * * *
Fannar freezes you.
You die...

######## #......##
#.>....>. #########
#.)....#.
........########......##
........'[.....#......##
......e@######........##
........# ###......##
........# #......#
........# ##.#####
###.....# #.# #####.#
#.# ... #.# ... #.#


You could see Fannar (combustible).

Vanquished Creatures
  Pikel (D:8)
  Maggie (D:7)
  A kobold demonologist (D:11)
  A komodo dragon (D:10)
  An unseen horror (D:9)
  A hornet (D:11)
  Grinder (D:4)
  Sigmund (D:5)
  2 wraiths
  A vampire (D:10)
  A wyvern (D:7)
  5 yaks (D:8)
  An acid dragon (D:8)
  3 orc warriors
  3 ogres
  2 centaurs
  A lemure (D:8)
  A phantom (D:5)
  A kobold brigand (D:7)
  Blork the orc (D:5)
  3 bullfrogs
  A scorpion (D:5)
  6 wights (D:8)
  The ghost of LustLizard the Covered, a weakling GnWn (D:3)
  A howler monkey (D:6)
  3 jellies
  7 orc priests
  Crazy Yiuf (D:3)
  A hound (D:5)
  Ijyb (D:4)
  3 iguanas
  11 orc wizards
  11 gnolls
  5 adders
  A river rat (D:3)
  3 shadow imps (D:6)
  A white imp (D:6)
  An ufetubus (D:6)
  4 worms
  36 orcs
  8 ball pythons
  10 endoplasms
  7 giant cockroaches
  15 goblins
  14 hobgoblins
  10 jackals
  7 quokkas
  6 bats
  2 frilled lizards
  24 kobolds
  5 rats
239 creatures vanquished.

Vanquished Creatures (collateral kills)
  An unseen horror (D:10)
  Psyche (D:10)
  A kobold demonologist (D:11)
  A wyvern (D:9)
  An acid dragon (D:9)
  An orc warrior (D:9)
  2 kobold brigands
  A bullfrog (D:9)
  A wight (D:8)
  3 orc priests
  A gnoll bouda (D:9)
  2 orc wizards
  A gnoll (D:9)
  5 orcs
  4 kobolds
26 creatures vanquished.

Vanquished Creatures (others)
  3 battlemagi
  3 ancestors
  430 foxfires
  2 plants (D:6)
438 creatures vanquished.

Grand Total: 703 creatures vanquished

Notes
Turn   | Place    | Note
-------+----------+-------------------------------------------
     0 | D:1      | croobank the Demonspawn Fire Elementalist began the quest
                  | for the Orb.
     0 | D:1      | Reached XP level 1. HP: 13/13 MP: 3/3
   145 | D:1      | Discovered your monstrous ancestry.
   145 | D:1      | Gained mutation: You have sharp fingernails. [demonic
                  | ancestry]
   145 | D:1      | Reached XP level 2. HP: 17/19 MP: 0/5
   325 | D:1      | Learned a level 2 spell: Scorch
   616 | D:1      | Gained mutation: You are partially covered in sharp spines.
                  | [demonic ancestry]
   616 | D:1      | Reached XP level 3. HP: 24/24 MP: 1/6
  1272 | D:2      | Found a faded altar of an unknown god.
  1482 | D:2      | Gained mutation: You are mostly covered in sharp spines.
                  | [demonic ancestry]
  1482 | D:2      | Reached XP level 4. HP: 30/30 MP: 1/7
  2223 | D:2      | Learned a level 2 spell: Searing Ray
  2537 | D:3      | Found a runed translucent door.
  2542 | D:3      | Noticed LustLizard's ghost (weakling GnWn)
  2558 | D:3      | Killed LustLizard's ghost
  2559 | D:3      | Gained mutation: You have large cloven feet. [demonic
                  | ancestry]
  2559 | D:3      | Reached XP level 5. HP: 11/36 MP: 0/9
  2763 | D:3      | Reached skill level 1 in Shields
  2981 | D:3      | Found a runed translucent door.
  3020 | D:3      | Found a runed translucent door.
  3021 | D:3      | Noticed Crazy Yiuf
  3028 | D:3      | Killed Crazy Yiuf
  3177 | D:3      | Reached skill level 1 in Fighting
  3627 | D:4      | Reached skill level 1 in Armour
  3627 | D:4      | Gained mutation: You have very sharp fingernails. [demonic
                  | ancestry]
  3627 | D:4      | Reached XP level 6. HP: 43/43 MP: 5/10
  3627 | D:4      | Noticed Ijyb
  3645 | D:4      | Killed Ijyb
  3773 | D:4      | Found a broken altar of Ashenzari.
  3803 | D:4      | Found Juulymogee's Weapon Shoppe.
  3951 | D:4      | Noticed Grinder
  4087 | D:4      | Killed Grinder
  4088 | D:4      | Reached skill level 3 in Armour
  4228 | D:4      | Reached skill level 4 in Armour
  4228 | D:4      | Reached XP level 7. HP: 48/48 MP: 4/11
  4439 | D:4      | Found a blossoming altar of Fedhas.
  4439 | D:4      | Found an iron altar of Okawaru.
  4443 | D:4      | Identified the ring "Qemehaeb" {Fly rN+ Str+2 Int+4 Stlth-}
  4637 | D:5      | Entered Level 5 of the Dungeon
  4855 | D:5      | Noticed Sigmund
  4867 | D:5      | Reached skill level 5 in Armour
  4868 | D:5      | Killed Sigmund
  4891 | D:5      | Reached skill level 6 in Armour
  5034 | D:5      | Reached XP level 8. HP: 54/54 MP: 6/12
  5214 | D:5      | Reached skill level 7 in Armour
  5446 | D:5      | Found a bloodstained altar of Trog.
  5474 | D:5      | Noticed Blork the orc
  5483 | D:5      | Killed Blork the orc
  5860 | D:6      | Found a staircase to the Ecumenical Temple.
  5885 | Temple   | Entered the Ecumenical Temple
  5907 | Temple   | Became a worshipper of Hepliaklqana the Forgotten
  6141 | D:6      | Found a large runed translucent door.
  6141 | D:6      | Found a large runed translucent door.
  6145 | D:6      | Noticed Darius099's ghost (novice OpBr)
  7530 | D:7      | Reached * piety under Hepliaklqana
  7547 | D:7      | Found Asolegea's Armour Emporium.
  7673 | D:7      | Reached skill level 1 in Invocations
  8158 | D:7      | Reached skill level 1 in Axes
  8158 | D:7      | Gained mutation: You have a pair of small horns on your
                  | head. [demonic ancestry]
  8158 | D:7      | Reached XP level 9. HP: 41/53 MP: 10/13
  8369 | D:7      | Noticed Maggie
  8381 | D:7      | HP: 2/53 [something (6)]
  8385 | D:7      | Killed Maggie
  9056 | D:8      | Found a shimmering blue altar of Sif Muna.
  9121 | D:8      | Found a runed translucent door.
  9122 | D:8      | Found a burning altar of Makhleb.
  9122 | D:8      | Noticed a sixfirhy
  9142 | D:8      | Noticed Pikel
  9150 | D:8      | Killed Pikel
  9151 | D:8      | Reached skill level 5 in Shields
  9312 | D:8      | Gained mutation: You have hoof-like feet. [demonic
                  | ancestry]
  9312 | D:8      | Reached XP level 10. HP: 26/62 MP: 2/16
  9590 | D:8      | Found Ugoruxzi's Neck Hole.
 10093 | D:9      | Reached ** piety under Hepliaklqana
 10094 | D:9      | Remembered your ancestor Ku-aya as a battlemage
 10777 | D:10     | Entered Level 10 of the Dungeon
 11165 | D:10     | Noticed Psyche
 11173 | D:10     | Killed Psyche
 11174 | D:10     | Reached skill level 5 in Invocations
 11355 | D:10     | Found a hide-covered altar of Uskayaw.
 11590 | D:11     | Reached skill level 5 in Axes
 11590 | D:11     | Reached skill level 5 in Fire Magic
 11594 | D:11     | Reached skill level 5 in Stealth
 11597 | D:11     | Noticed a smoke demon
 11828 | D:11     | Reached *** piety under Hepliaklqana
 11869 | D:11     | Reached skill level 5 in Spellcasting
 11869 | D:11     | Reached XP level 11. HP: 69/69 MP: 11/18
 11897 | D:11     | Noticed Fannar
 11920 | D:11     | HP: 2/69 [Fannar/+0 quarterstaff of freezing (7)]
 11920 | D:11     | Slain by Fannar

Illustrated notes

Levels and vault maps discovered:
D:1:      evilmike_arrival_rings, layout_basic
D:2:      kennysheep_six_static_rooms, layout_basic,
          shapermc_ecumenical_altar_acropolis, minmay_misc_feat_cross,
          minmay_tetromino_o2
D:3:      layout_rooms, ebering_ghost_sewer_f, uniq_crazy_yiuf_cottage
D:4:      layout_rooms, jmf_multi_god_temple, mainiacjoe_overflow_paths,
          serial_shops, kennysheep_mini, amcnicky_mini_pool_small, uniq_grinder,
          uniq_ijyb
D:5:      layout_rooms, lemuel_doored_altar, hex_intersection,
          corexii_leaking_fountain, feat_on_display, uniq_sigmund,
          uniq_blork_the_orc
D:6:      corexii_shantytown, layout_rooms, minmay_temple_entry_steel_oval,
          ebering_ghost_disaster_area, hangedman_abyss_or_decor_stabs
D:7:      layout_loops_ring, serial_shops, nicolae_square_shop,
          serial_co_window_serial, co_window_paths_a, co_window_paths_b,
          co_window_paths_b, co_window_paths_a, co_window_paths_a,
          co_window_of_opportunity_a, co_window_corner_a, co_window_broadway_a,
          co_window_corner_cb, co_window_corner_b, co_window_4corner_a,
          uniq_maggie
D:8:      layout_cave_pools, nicolae_sif_muna_condensation,
          nzn_makhleb_speed_demon, nicolae_shop_sticking_my_neck_out, uniq_pikel
D:9:      layout_loops_cross, chequers_serial_rivers_large_a
D:10:     layout_basic, nicolae_overflow_crystal_walls,
          eat_drink_and_be_merry_uskayaw, uniq_psyche
D:11:     layout_roguey, david_lair_generic, orc_0_dummy,
          nicolae_straight_to_the_point, uniq_fannar
Temple:   eino_temple_water

Skill      XL: |  1  2  3  4  5  6  7  8  9 10 |
---------------+-------------------------------+-----
Stealth        | 2 3 4 5 |  5.1
Dodging        | 2 3 4 |  4.7
Fire Magic     | 3 4 5 |  5.1
Conjurations   | 2 3 4 |  4.7
Shields        | 1 4 5 |  5.0
Fighting       | 1 2 4 |  4.0
Armour         | 1 4 6 7 |  7.4
Spellcasting   | 3 4 5 |  5.0
Invocations    | 1 3 5 |  5.3
Axes           | 1 3 5 |  5.2

Action                   |  1- 3 |  4- 6 |  7- 9 | 10-12 || total
-------------------------+-------+-------+-------+-------++-------
Melee: Unarmed           |     3 |       |       |       ||     3
       Short sword       |     8 |    39 |     9 |       ||    56
       Kick              |       |     4 |    11 |     6 ||    21
       Punch             |       |     1 |       |       ||     1
       War axe           |       |       |    36 |    17 ||    53
       Headbutt          |       |       |     5 |     4 ||     9
       Staff             |       |       |       |     5 ||     5
 Cast: Foxfire           |    42 |    52 |    88 |    70 ||   252
       Scorch            |     9 |    31 |    83 |    66 ||   189
       Searing Ray       |       |     3 |     6 |     2 ||    11
Invok: Recall Ancestor   |       |       |       |     1 ||     1
       Ancestor Life: Ba |       |       |       |     1 ||     1
  Use: Potion            |     1 |       |     7 |     4 ||    12
       Scroll            |       |       |    22 |     2 ||    24
 Stab: Sleeping          |     2 |     7 |       |       ||     9
Armor: Robe              |     3 |     3 |       |       ||     6
       Skin              |       |     1 |       |       ||     1
       Leather armour    |       |     2 |     7 |       ||     9
       Ring mail         |       |       |    11 |       ||    11
       Steam dragon scal |       |       |     9 |       ||     9
       Acid dragon scale |       |       |       |    11 ||    11
Dodge: Dodged            |    13 |    22 |    51 |    17 ||   103
Block: Buckler           |       |       |     6 |       ||     6
